 Dungeon Crawl Stone Soup version 0.20.1-1-g8b1a95d (console) character file.

149 hilaritas the Shield-Bearer (level 5, -2/47 HPs)
             Began as a Minotaur Fighter on Feb 12, 2018.
             Slain by a gnoll
             ... wielding a +1 halberd of venom
              (5 damage)
             ... on level 4 of the Dungeon.
             The game lasted 00:07:02 (2446 turns).

hilaritas the Shield-Bearer (Minotaur Fighter)      Turns: 2446, Time: 00:07:03

Health: -2/47      AC: 13    Str: 20    XL:     5   Next: 9%
Magic:  0/4        EV:  8    Int: 12    God:
Gold:   212        SH:  9    Dex: 10    Spells: 4/4 levels left

rFire    . . .     SeeInvis .   a - +1 long sword
rCold    . . .     Gourm    .   c - +0 shield
rNeg     + . .     Faith    .   q - quicksilver dragon scales
rPois    .         Spirit   +   e - +0 hat {Int+3}
rElec    .         Reflect  .   (no cloak)
rCorr    .         Harm     .   k - +1 pair of gloves
MR       +....                  o - +0 pair of boots
Stlth    ..........             j - amulet of guardian spirit
Regen    0.2/turn               i - ring of positive energy
MPRegen  0.1/turn               l - +3 ring of intelligence

@: lethally poisoned (-2 -> -35), hasted, very quick
A: retaliatory headbutt, horns 2
a: no special abilities


You were on level 4 of the Dungeon.
You were not hungry.

You visited 1 branch of the dungeon, and saw 4 of its levels.

You collected 212 gold pieces.

Inventory:

Hand Weapons
 a - a +1 long sword (weapon)
 h - a +0 dagger
Armour
 c - a +0 shield (worn)
 e - a +0 hat of intelligence (worn)
 k - a +1 pair of gloves (worn)
 o - a +0 pair of boots (worn)
 q - quicksilver dragon scales (worn)
Jewellery
 i - a ring of positive energy (left hand)
 j - an amulet of guardian spirit (around neck)
 l - a +3 ring of intelligence (right hand)
 r - a +3 amulet of reflection
Scrolls
 b - 5 scrolls of teleportation
 n - 3 scrolls of identify
Potions
 d - a potion of might
 t - a potion of agility
Comestibles
 f - 2 bread rations
 g - 2 meat rations


   Skills:
 + Level 4.6 Fighting
 * Level 4.4 Long Blades
 - Level 3.6 Armour
 + Level 5.1 Shields


You had 4 spell levels left.
You didn't know any spells.

Dungeon Overview and Level Annotations

Branches:
Dungeon (4/15)
 Temple: D:4-7

Altars:
Nemelex Xobeh


Innate Abilities, Weirdness & Mutations

You reflexively headbutt those who attack you in melee.
You have a pair of horns on your head.


Message History

You hit the gnoll. You headbutt the gnoll.
The gnoll is severely wounded.
You feel sick. The gnoll hits you but does no damage.
You are lethally poisoned!
You block the gnoll's attack.
The gnoll hits you from afar with a halberd of venom.
* * * LOW HITPOINT WARNING * * *
You are more poisoned.
You block the gnoll's attack.
You feel magically purged.
* * * LOW HITPOINT WARNING * * *
You feel very sick.
Unknown command.
You feel yourself speed up.
* * * LOW HITPOINT WARNING * * *
You feel very sick.
The gnoll hits you with a flail of protection.
* * * LOW HITPOINT WARNING * * *
The gnoll hits you from afar with a halberd of venom.
You die...

# #.##.#....# ##.......## ##.
######.........###.........####..
.................+.........'.....
###########...####.........##....
# ##..######.......###.##. #
#........##.....## #.### #
#..#####.###...## #.### # #...
#.# ##'## #.... # #.## #.# #.#
#.### #.##.###.# #.# #.###
#...ggg@.####.## #....
####.###.......## #.###
#.##.....# #.# #.###....# #.# #.#
##...####.# ..# #........# ###
##########


You could see 3 gnolls.

Vanquished Creatures
  6 adders
  3 gnolls (D:4)
  A worm (D:2)
  4 dart slugs
  2 leopard geckos
  2 orcs
  9 bats
  5 giant cockroaches
  6 goblins
  3 hobgoblins
  A jackal (D:2)
  6 kobolds
  A quokka (D:3)
  3 frilled lizards (D:1)
  7 rats
59 creatures vanquished.

Notes
Turn   | Place    | Note
-------+----------+-------------------------------------------
     0 | D:1      | hilaritas the Minotaur Fighter began the quest for the Orb.
     0 | D:1      | Reached XP level 1. HP: 19/19 MP: 0/0
   236 | D:1      | Reached XP level 2. HP: 27/27 MP: 1/1
   254 | D:1      | Reached skill level 4 in Shields
   872 | D:2      | Reached XP level 3. HP: 30/33 MP: 2/2
  1141 | D:2      | Reached XP level 4. HP: 40/40 MP: 3/3
  1437 | D:2      | Reached skill level 5 in Shields
  2096 | D:4      | Found a sparkling altar of Nemelex Xobeh.
  2123 | D:4      | Reached XP level 5. HP: 47/47 MP: 4/4
  2446 | D:4      | HP: 4/47 [poisoned by a gnoll]
  2446 | D:4      | Slain by a gnoll

Skill      XL: |  1  2  3  4 |
---------------+-------------+-----
Shields        | 4 5 |  5.1
Fighting       | 4 |  4.6
Long Blades    | 3 4 |  4.4
Armour         | |  3.6

Action                   |  1- 3 |  4- 6 || total
-------------------------+-------+-------++-------
Melee: Long sword        |    95 |    71 ||   166
       Headbutt          |    12 |    13 ||    25
  Use: Scroll            |       |     8 ||     8
       Potion            |       |     2 ||     2
  Eat: Chunk             |     1 |     4 ||     5
Armor: Scale mail        |     6 |       ||     6
       Chain mail        |    44 |     7 ||    51
       Quicksilver drago |       |    22 ||    22
Dodge: Dodged            |    19 |    21 ||    40
Block: Shield            |    58 |    34 ||    92
       Rpst.: Long sword |     5 |     6 ||    11
